Map: Base du roi Sejong EC

Players

zidar

  • Race: Zerg Zerg
  • League: Gold
  • Spawn Location: 5:00

run - Winner!

  • Race: Zerg Zerg
  • Spawn Location: 11:00

VOD

Have the link to the VOD?

Description

Time

  • Played on: June 15, 2016, 2:01 p.m.
  • Length: 5:08
Show
View Real Time Build Order
Export as new Build Order

zidar Zerg 

Build Orders: Pool First 

Get SALT Encoding   

  12  0:02  Drone  
  13  0:12  Overlord  
  13  0:17  Drone  
  14  0:30  Drone x2  
  14  0:34  Drone  
  17  0:46  Spawning Pool  
  17  0:49  Drone  
  17  1:13  Hatchery  
  17  1:18  Drone x2  
  18  1:23  Extractor  
  17  1:39  Queen  
  19  1:45  Roach Warren  
  18  1:49  Extractor, Drone  
  18  1:52  Drone  
  19  1:57  Drone  
  20  2:14  Zergling x2  
  20  2:15  Zergling x2  
  23  2:36  Zergling x8  
  25  2:48  Spine Crawler  
  24  3:03  Overlord  
  24  3:04  Overlord  
  24  3:27  Hatchery  
  23  3:31  Drone  
  24  3:36  Drone  
  25  3:42  Drone  
  25  3:48  Drone  
  27  3:56  Drone x2  
  29  4:03  Drone  
  30  4:16  Roach  
  33  4:28  Roach  
  35  4:33  Roach  
  35  4:37  Overlord  
Show
View Real Time Build Order
Export as new Build Order

run Zerg - Winner!

Build Orders: Pool First 

Get SALT Encoding   

  12  0:05  Drone  
  13  0:11  Drone  
  14  0:32  Spawning Pool  
  13  0:41  Extractor, Drone  
  13  0:42  Extractor, Drone x2  
  16  0:53  Overlord  
  16  1:12  Hatchery  
  15  1:19  Extractor  
  15  1:20  Zergling x4  
  16  1:26  Zergling x2  
  17  1:38  Zergling x2  
  18  1:40  Queen  
  18  1:45  Zergling x2  
  21  1:58  Zergling x2  
  22  2:11  Roach Warren  
  21  2:25  Zergling x6  
  24  2:47  Zergling x6  
  24  2:49  Zergling x2  
  28  3:04  Overlord  
  27  3:06  Metabolic Boost  
  27  3:29  Roach  
  27  3:30  Roach x2  
  27  3:31  Roach  
  35  3:42  Overlord  
  35  3:55  Spine Crawler  
  34  4:08  Zergling x2  
  34  4:09  Zergling x4  
  37  4:20  Overlord  
  37  4:36  Ravager  
  37  4:37  Ravager x2  
Tags
 
Add a new tag
Caveats
  • Supply blocks, unpowered buildings, or Contaminate may cause inaccurate times.
  • Supply counts are checked every 10 seconds.